[ AOE2 MATCH · #461143216 ]
UnrankedSlavs vs Britons
[ REPLAY ANALYSIS · EXTRACTED FROM THE RECORDED GAME ]
Feudal
11:51
Castle
27:13
Imperial
—
| APM avg | 12.7 |
| APM peak | 45 |
| eAPM avg | 7.3 |
| Villagers / military | 48 / 63 |
Focus
⚔️ 33.1% · 🌾 66.9%
Spearman ×53 · Knight ×9 · Scout Cavalry ×1
Feudal
9:09
Castle
25:37
Imperial
—
| APM avg | 25.5 |
| APM peak | 39 |
| eAPM avg | 12.4 |
| Villagers / military | 102 / 83 |
Focus
⚔️ 33.2% · 🌾 66.8%
Archer ×39 · Skirmisher ×14 · Spearman ×13 · Scout Cavalry ×7 · Longbowman ×5 · Battering Ram ×2
Feudal
12:02
Castle
17:00
Imperial
34:31
| APM avg | 18.0 |
| APM peak | 49 |
| eAPM avg | 10.0 |
| Villagers / military | 106 / 81 |
Focus
⚔️ 25.1% · 🌾 74.9%
Knight ×80 · Spearman ×1
Feudal
11:00
Castle
31:39
Imperial
—
| APM avg | 21.5 |
| APM peak | 57 |
| eAPM avg | 11.7 |
| Villagers / military | 63 / 25 |
Focus
⚔️ 32.0% · 🌾 68.0%
Spearman ×14 · Knight ×6 · Fishing Ship ×3 · Militia ×2 · Scout Cavalry ×2 · Demolition Raft ×1
Feudal
10:17
Castle
15:17
Imperial
37:45
| APM avg | 25.0 |
| APM peak | 73 |
| eAPM avg | 12.1 |
| Villagers / military | 86 / 46 |
Focus
⚔️ 23.7% · 🌾 76.3%
Knight ×46
Feudal
10:45
Castle
24:41
Imperial
—
| APM avg | 24.6 |
| APM peak | 82 |
| eAPM avg | 14.9 |
| Villagers / military | 117 / 40 |
Focus
⚔️ 33.3% · 🌾 66.7%
Cavalry Archer ×23 · Scout Cavalry ×11 · Monk ×4 · Archer ×2
Match map
Initial resources + every placement click. Lines = walls · curves = elevation contours. ◆ gold · ⬟ stone · ● berries · ✦ relic · ◌ wall gap
Your base· Open — unwalled flank
patythegod's base· ✓ Closed at 25:37 · 35t walls · no gate
taxy10's base· ✓ Closed at 17:00 · 61t walls · 1 gate(s)
Leasdon's base· Open — 1t gap
leonie's base· ✓ Closed at 15:17 · 56t walls · 1 gate(s)
Rainbow Pirate's base· Open — unwalled flank
Smoothed initial terrain · ◌ = detected wall gap · hover for details
Inputs per minute
— Sinky - - patythegod
Build order — Sinky
First 150 of 167 actions detected
| 0:14 | Create | Villager (Male) |
| 0:14 | Create | Villager (Male) |
| 0:40 | Create | Villager (Male) |
| 0:40 | Create | Villager (Male) |
| 1:08 | Build | House |
| 2:18 | Create | Villager (Male) |
| 3:41 | Create | Villager (Male) |
| 3:41 | Create | Villager (Male) |
| 4:24 | Create | Villager (Male) |
| 4:32 | Build | House |
| 5:34 | Build | Mill |
| 5:48 | Create | Villager (Male) |
| 5:49 | Create | Villager (Male) |
| 5:49 | Create | Villager (Male) |
| 6:13 | Build | Lumber Camp |
| 6:36 | Create | Villager (Male) |
| 7:07 | Build | House |
| 8:09 | Build | House |
| 8:20 | Create | Villager (Male) |
| 8:21 | Create | Villager (Male) |
| 9:41 | Research | Feudal Age |
| 10:07 | Build | Farm |
| 10:25 | Build | House |
| 10:51 | Build | Farm |
| 11:51 | Age | Feudal Age |
| 12:08 | Create | Villager (Male) |
| 12:08 | Create | Villager (Male) |
| 12:08 | Create | Villager (Male) |
| 12:09 | Create | Villager (Male) |
| 12:10 | Research | Loom |
| 12:52 | Build | Mining Camp |
| 13:37 | Create | Villager (Male) |
| 14:00 | Create | Villager (Male) |
| 14:31 | Build | Watch Tower |
| 14:51 | Build | Farm |
| 14:53 | Build | Farm |
| 14:55 | Build | Farm |
| 15:00 | Build | Farm |
| 15:02 | Build | Farm |
| 15:03 | Build | Farm |
| 15:07 | Build | Farm |
| 15:41 | Build | Farm |
| 15:55 | Build | Farm |
| 16:25 | Build | Farm |
| 16:35 | Build | Farm |
| 16:37 | Create | Villager (Male) |
| 16:38 | Create | Villager (Male) |
| 16:38 | Create | Villager (Male) |
| 16:38 | Create | Villager (Male) |
| 17:41 | Build | Barracks |
| 17:49 | Create | Villager (Male) |
| 17:49 | Create | Villager (Male) |
| 18:13 | Build | House |
| 18:15 | Build | House |
| 18:17 | Build | House |
| 18:22 | Build | House |
| 18:28 | Create | Villager (Male) |
| 18:29 | Create | Villager (Male) |
| 18:42 | Build | Farm |
| 19:14 | Build | Farm |
| 19:30 | Build | Farm |
| 19:40 | Create | Villager (Male) |
| 19:40 | Create | Villager (Male) |
| 19:44 | Research | Wheelbarrow |
| 19:50 | Create | Spearman |
| 19:51 | Create | Spearman |
| 19:51 | Create | Spearman |
| 19:52 | Create | Spearman |
| 19:52 | Create | Spearman |
| 19:52 | Create | Spearman |
| 19:53 | Create | Spearman |
| 20:49 | Create | Villager (Male) |
| 20:49 | Create | Villager (Male) |
| 20:49 | Create | Villager (Male) |
| 21:11 | Build | Stable |
| 21:28 | Create | Spearman |
| 21:28 | Create | Spearman |
| 22:07 | Create | Villager (Male) |
| 22:07 | Create | Villager (Male) |
| 22:51 | Build | Blacksmith |
| 22:57 | Create | Villager (Male) |
| 23:18 | Create | Villager (Male) |
| 23:18 | Create | Villager (Male) |
| 23:31 | Build | Farm |
| 24:03 | Build | Mining Camp |
| 24:17 | Research | Castle Age |
| 24:22 | Create | Villager (Male) |
| 24:23 | Create | Villager (Male) |
| 24:43 | Create | Villager (Male) |
| 24:43 | Create | Villager (Male) |
| 24:43 | Create | Villager (Male) |
| 24:44 | Create | Villager (Male) |
| 24:44 | Create | Villager (Male) |
| 24:58 | Create | Spearman |
| 24:58 | Create | Spearman |
| 24:58 | Create | Spearman |
| 24:59 | Create | Spearman |
| 25:04 | Create | Scout Cavalry |
| 25:39 | Build | Watch Tower |
| 26:14 | Create | Villager (Male) |
| 26:14 | Create | Villager (Male) |
| 26:19 | Create | Spearman |
| 26:19 | Create | Spearman |
| 27:13 | Age | Castle Age |
| 27:59 | Create | Knight |
| 27:59 | Create | Knight |
| 27:59 | Create | Knight |
| 28:00 | Create | Knight |
| 28:00 | Create | Knight |
| 28:01 | Create | Knight |
| 28:01 | Create | Knight |
| 28:02 | Create | Knight |
| 28:02 | Create | Knight |
| 28:55 | Build | House |
| 28:56 | Build | House |
| 28:59 | Build | House |
| 30:02 | Research | Pikeman (upgrade) |
| 30:04 | Research | Squires |
| 31:13 | Create | Spearman |
| 31:14 | Create | Spearman |
| 31:14 | Create | Spearman |
| 31:14 | Create | Spearman |
| 31:15 | Create | Spearman |
| 31:15 | Create | Spearman |
| 31:15 | Create | Spearman |
| 31:16 | Create | Spearman |
| 31:32 | Create | Spearman |
| 31:32 | Create | Spearman |
| 31:32 | Create | Spearman |
| 31:33 | Create | Spearman |
| 31:33 | Create | Spearman |
| 31:33 | Create | Spearman |
| 31:34 | Create | Spearman |
| 32:32 | Create | Spearman |
| 32:32 | Create | Spearman |
| 32:32 | Create | Spearman |
| 32:50 | Build | Barracks |
| 33:31 | Create | Spearman |
| 33:31 | Create | Spearman |
| 33:32 | Create | Spearman |
| 33:32 | Create | Spearman |
| 33:33 | Create | Spearman |
| 33:33 | Create | Spearman |
| 33:33 | Create | Spearman |
| 34:14 | Create | Spearman |
| 34:14 | Create | Spearman |
| 34:15 | Create | Spearman |
| 34:15 | Create | Spearman |
| 34:15 | Create | Spearman |
| 34:36 | Build | Town Center |
Build order — patythegod
First 150 of 291 actions detected
| 0:00 | Create | Villager (Male) |
| 0:01 | Create | Villager (Male) |
| 0:01 | Create | Villager (Male) |
| 0:01 | Create | Villager (Male) |
| 0:04 | Build | House |
| 0:06 | Build | House |
| 1:25 | Create | Villager (Male) |
| 2:01 | Create | Villager (Male) |
| 2:01 | Create | Villager (Male) |
| 2:14 | Build | Lumber Camp |
| 2:43 | Create | Villager (Male) |
| 3:18 | Build | House |
| 3:22 | Create | Villager (Male) |
| 4:01 | Create | Villager (Male) |
| 4:01 | Create | Villager (Male) |
| 4:02 | Create | Villager (Male) |
| 4:32 | Create | Villager (Male) |
| 4:36 | Create | Villager (Male) |
| 4:56 | Build | Mill |
| 5:43 | Create | Villager (Male) |
| 5:44 | Research | Loom |
| 5:57 | Create | Villager (Male) |
| 6:59 | Research | Feudal Age |
| 7:53 | Build | House |
| 8:11 | Build | Barracks |
| 9:04 | Build | Palisade Wall |
| 9:09 | Age | Feudal Age |
| 9:23 | Create | Villager (Male) |
| 9:23 | Create | Villager (Male) |
| 9:24 | Create | Villager (Male) |
| 9:31 | Build | Stable |
| 9:36 | Build | House |
| 10:08 | Create | Villager (Male) |
| 10:44 | Create | Scout Cavalry |
| 10:44 | Create | Scout Cavalry |
| 10:45 | Create | Scout Cavalry |
| 10:47 | Create | Villager (Male) |
| 10:48 | Create | Villager (Male) |
| 10:53 | Build | House |
| 11:10 | Build | Palisade Wall |
| 11:52 | Build | Palisade Wall |
| 11:54 | Create | Villager (Male) |
| 11:54 | Create | Villager (Male) |
| 11:56 | Create | Scout Cavalry |
| 12:33 | Create | Villager (Male) |
| 12:34 | Create | Villager (Male) |
| 12:35 | Create | Scout Cavalry |
| 12:58 | Build | Palisade Wall |
| 13:11 | Create | Villager (Male) |
| 13:11 | Create | Villager (Male) |
| 13:17 | Build | Farm |
| 13:17 | Build | Farm |
| 13:17 | Build | Farm |
| 13:21 | Build | Farm |
| 13:21 | Build | Farm |
| 13:23 | Create | Villager (Male) |
| 14:11 | Create | Villager (Male) |
| 14:16 | Build | House |
| 14:16 | Build | House |
| 14:16 | Build | House |
| 14:46 | Create | Villager (Male) |
| 14:53 | Build | Mining Camp |
| 14:57 | Build | Farm |
| 14:57 | Build | Farm |
| 14:58 | Build | Farm |
| 15:01 | Build | Farm |
| 15:01 | Build | Farm |
| 15:16 | Create | Villager (Male) |
| 16:00 | Build | House |
| 16:01 | Build | House |
| 16:11 | Create | Spearman |
| 16:13 | Create | Scout Cavalry |
| 16:14 | Create | Villager (Male) |
| 16:14 | Create | Villager (Male) |
| 16:14 | Create | Villager (Male) |
| 16:23 | Build | Lumber Camp |
| 16:35 | Build | House |
| 17:03 | Build | Farm |
| 17:14 | Build | Farm |
| 17:22 | Create | Spearman |
| 17:42 | Create | Spearman |
| 18:15 | Build | House |
| 18:22 | Create | Spearman |
| 18:24 | Create | Scout Cavalry |
| 18:36 | Create | Villager (Male) |
| 18:50 | Create | Spearman |
| 18:51 | Create | Villager (Male) |
| 19:37 | Create | Villager (Male) |
| 19:38 | Create | Villager (Male) |
| 19:47 | Create | Villager (Male) |
| 19:47 | Create | Villager (Male) |
| 19:48 | Create | Villager (Male) |
| 20:19 | Build | Palisade Wall |
| 20:23 | Create | Villager (Male) |
| 20:28 | Build | Farm |
| 20:30 | Build | Farm |
| 20:56 | Build | Farm |
| 21:04 | Build | Mining Camp |
| 21:08 | Create | Villager (Male) |
| 21:15 | Build | Archery Range |
| 22:05 | Create | Villager (Male) |
| 22:33 | Research | Castle Age |
| 22:54 | Create | Archer |
| 22:54 | Create | Archer |
| 23:00 | Build | Blacksmith |
| 23:02 | Create | Villager (Male) |
| 23:19 | Create | Villager (Male) |
| 23:56 | Build | Farm |
| 24:00 | Research | Fletching |
| 24:00 | Research | Padded Archer Armor |
| 24:15 | Build | Farm |
| 24:19 | Create | Archer |
| 24:20 | Create | Archer |
| 25:15 | Create | Archer |
| 25:17 | Create | Archer |
| 25:29 | Build | Archery Range |
| 25:37 | Age | Castle Age |
| 26:04 | Create | Villager (Male) |
| 26:05 | Research | Bodkin Arrow |
| 26:05 | Research | Leather Archer Armor |
| 26:08 | Research | Crossbowman (upgrade) |
| 26:08 | Create | Archer |
| 26:09 | Create | Archer |
| 26:17 | Build | University |
| 26:30 | Create | Villager (Male) |
| 26:51 | Create | Archer |
| 26:57 | Build | Town Center |
| 27:07 | Build | Palisade Gate |
| 27:11 | Create | Archer |
| 27:11 | Create | Archer |
| 27:11 | Create | Archer |
| 27:46 | Create | Villager (Male) |
| 27:46 | Create | Villager (Male) |
| 27:47 | Create | Villager (Male) |
| 27:56 | Research | Double-Bit Axe |
| 27:59 | Research | Wheelbarrow |
| 28:16 | Research | Horse Collar |
| 28:18 | Create | Villager (Male) |
| 28:18 | Create | Villager (Male) |
| 28:21 | Create | Archer |
| 28:22 | Create | Archer |
| 28:43 | Create | Villager (Male) |
| 28:44 | Create | Villager (Male) |
| 29:00 | Create | Villager (Male) |
| 29:01 | Create | Villager (Male) |
| 29:40 | Build | Siege Workshop |
| 29:48 | Create | Villager (Male) |
| 29:48 | Create | Villager (Male) |
| 29:48 | Create | Villager (Male) |
| 29:50 | Create | Archer |
Build order — taxy10
First 150 of 236 actions detected
| 0:07 | Create | Villager (Male) |
| 0:07 | Create | Villager (Male) |
| 0:08 | Create | Villager (Male) |
| 0:08 | Create | Villager (Male) |
| 0:08 | Create | Villager (Male) |
| 1:46 | Create | Villager (Male) |
| 2:22 | Create | Villager (Male) |
| 2:33 | Create | Villager (Male) |
| 2:57 | Build | Lumber Camp |
| 3:09 | Create | Villager (Male) |
| 3:26 | Create | Villager (Male) |
| 3:26 | Create | Villager (Male) |
| 3:41 | Create | Villager (Male) |
| 4:11 | Create | Villager (Male) |
| 4:49 | Create | Villager (Male) |
| 4:49 | Create | Villager (Male) |
| 4:49 | Create | Villager (Male) |
| 5:50 | Build | Mill |
| 5:54 | Create | Villager (Male) |
| 5:54 | Create | Villager (Male) |
| 5:55 | Create | Villager (Male) |
| 6:02 | Build | Palisade Wall |
| 6:43 | Create | Villager (Male) |
| 6:43 | Create | Villager (Male) |
| 6:43 | Create | Villager (Male) |
| 6:44 | Create | Villager (Male) |
| 6:55 | Build | Palisade Wall |
| 7:55 | Create | Villager (Male) |
| 8:01 | Create | Villager (Male) |
| 8:13 | Build | Palisade Wall |
| 8:20 | Build | Palisade Wall |
| 8:26 | Research | Loom |
| 8:40 | Build | Palisade Wall |
| 9:06 | Build | Palisade Wall |
| 9:09 | Build | Palisade Wall |
| 9:32 | Research | Feudal Age |
| 10:11 | Build | Farm |
| 10:11 | Build | Farm |
| 10:13 | Build | Farm |
| 10:13 | Build | Farm |
| 10:23 | Create | Villager (Male) |
| 10:24 | Create | Villager (Male) |
| 10:24 | Create | Villager (Male) |
| 10:24 | Create | Villager (Male) |
| 11:30 | Build | Mining Camp |
| 12:02 | Age | Feudal Age |
| 12:10 | Build | Blacksmith |
| 12:32 | Build | Market |
| 12:39 | Build | Palisade Gate |
| 12:53 | Build | Farm |
| 12:57 | Build | Farm |
| 13:34 | Build | Farm |
| 13:39 | Build | Farm |
| 13:46 | Build | Farm |
| 14:21 | Research | Castle Age |
| 15:12 | Build | Barracks |
| 15:20 | Research | Double-Bit Axe |
| 15:44 | Research | Wheelbarrow |
| 15:53 | Research | Horse Collar |
| 15:58 | Build | Farm |
| 16:54 | Build | Stable |
| 17:00 | Create | Spearman |
| 17:00 | Age | Castle Age |
| 17:09 | Research | Scale Barding Armor |
| 17:27 | Research | Heavy Plow |
| 17:46 | Build | Farm |
| 17:55 | Create | Knight |
| 18:02 | Build | Farm |
| 18:06 | Create | Knight |
| 18:22 | Build | Farm |
| 18:34 | Build | Farm |
| 18:41 | Create | Villager (Male) |
| 18:41 | Create | Villager (Male) |
| 19:21 | Research | Forging |
| 19:27 | Create | Knight |
| 19:35 | Build | Farm |
| 19:35 | Build | Farm |
| 19:36 | Build | Farm |
| 19:36 | Build | Farm |
| 19:44 | Build | Farm |
| 20:23 | Create | Villager (Male) |
| 20:23 | Create | Villager (Male) |
| 20:23 | Create | Villager (Male) |
| 20:29 | Create | Knight |
| 20:29 | Create | Knight |
| 20:33 | Build | Farm |
| 20:38 | Build | Farm |
| 21:03 | Research | Bloodlines |
| 21:18 | Build | Stable |
| 21:25 | Create | Knight |
| 21:25 | Create | Knight |
| 21:59 | Research | Chain Barding Armor |
| 23:03 | Build | Farm |
| 23:06 | Create | Villager (Male) |
| 23:06 | Create | Villager (Male) |
| 23:06 | Create | Villager (Male) |
| 23:06 | Create | Villager (Male) |
| 23:23 | Build | Town Center |
| 23:26 | Create | Villager (Male) |
| 23:26 | Create | Villager (Male) |
| 23:28 | Research | Husbandry |
| 23:29 | Create | Knight |
| 23:29 | Create | Knight |
| 24:09 | Create | Knight |
| 24:09 | Create | Knight |
| 24:39 | Build | Farm |
| 24:49 | Create | Villager (Male) |
| 24:49 | Create | Villager (Male) |
| 24:49 | Create | Villager (Male) |
| 24:50 | Create | Villager (Male) |
| 24:50 | Create | Villager (Male) |
| 24:52 | Create | Knight |
| 24:53 | Create | Knight |
| 24:53 | Create | Knight |
| 25:52 | Research | Hand Cart |
| 25:53 | Create | Villager (Male) |
| 25:53 | Create | Villager (Male) |
| 25:54 | Create | Villager (Male) |
| 27:57 | Create | Villager (Male) |
| 27:58 | Create | Villager (Male) |
| 27:58 | Create | Villager (Male) |
| 27:58 | Create | Villager (Male) |
| 28:33 | Build | Town Center |
| 28:36 | Create | Villager (Male) |
| 28:37 | Create | Villager (Male) |
| 28:49 | Build | University |
| 28:54 | Build | Monastery |
| 29:06 | Research | Bow Saw |
| 29:09 | Research | Iron Casting |
| 30:03 | Create | Villager (Male) |
| 30:03 | Create | Villager (Male) |
| 30:03 | Create | Villager (Male) |
| 30:04 | Create | Villager (Male) |
| 30:05 | Create | Villager (Male) |
| 30:05 | Create | Villager (Male) |
| 30:16 | Build | Farm |
| 30:16 | Build | Farm |
| 30:16 | Build | Farm |
| 30:16 | Build | Farm |
| 30:17 | Build | Farm |
| 30:17 | Build | Farm |
| 30:24 | Build | Farm |
| 30:24 | Build | Farm |
| 30:24 | Build | Farm |
| 30:24 | Build | Farm |
| 30:24 | Build | Farm |
| 30:25 | Build | Farm |
| 30:25 | Build | Farm |
| 30:25 | Build | Farm |
| 30:25 | Build | Farm |
Build order — Leasdon
First 150 of 161 actions detected
| 0:01 | Create | Villager (Male) |
| 0:01 | Create | Villager (Male) |
| 0:01 | Create | Villager (Male) |
| 0:02 | Create | Villager (Male) |
| 0:03 | Build | House |
| 0:05 | Build | House |
| 1:21 | Research | Loom |
| 1:45 | Create | Villager (Male) |
| 2:30 | Create | Villager (Male) |
| 2:31 | Create | Villager (Male) |
| 3:26 | Create | Villager (Male) |
| 3:26 | Create | Villager (Male) |
| 3:27 | Create | Villager (Male) |
| 4:19 | Create | Villager (Male) |
| 4:28 | Build | House |
| 5:06 | Create | Villager (Male) |
| 5:06 | Create | Villager (Male) |
| 5:06 | Create | Villager (Male) |
| 5:52 | Create | Villager (Male) |
| 5:53 | Create | Villager (Male) |
| 6:42 | Build | House |
| 6:47 | Create | Villager (Male) |
| 7:02 | Create | Villager (Male) |
| 7:13 | Create | Villager (Male) |
| 7:47 | Build | Mill |
| 7:54 | Build | Mill |
| 8:01 | Build | Mill |
| 8:50 | Research | Feudal Age |
| 8:55 | Build | Mule Cart |
| 9:03 | Build | Mule Cart |
| 9:12 | Build | Farm |
| 9:17 | Build | Farm |
| 9:44 | Create | Villager (Male) |
| 9:45 | Create | Villager (Male) |
| 9:48 | Create | Villager (Male) |
| 9:55 | Build | Farm |
| 10:00 | Build | Farm |
| 10:12 | Build | House |
| 10:15 | Build | House |
| 10:16 | Build | House |
| 11:00 | Age | Feudal Age |
| 11:30 | Build | House |
| 11:35 | Build | House |
| 11:36 | Build | House |
| 11:43 | Build | Palisade Wall |
| 11:47 | Build | Palisade Wall |
| 11:50 | Build | Palisade Wall |
| 11:55 | Build | Palisade Wall |
| 12:04 | Build | Palisade Wall |
| 12:09 | Build | Palisade Wall |
| 12:31 | Create | Villager (Male) |
| 12:32 | Create | Villager (Male) |
| 12:32 | Create | Villager (Male) |
| 12:32 | Create | Villager (Male) |
| 12:47 | Build | Farm |
| 12:48 | Create | Villager (Male) |
| 12:48 | Create | Villager (Male) |
| 13:25 | Build | Market |
| 13:29 | Build | Farm |
| 14:28 | Build | Palisade Wall |
| 14:30 | Build | Palisade Wall |
| 14:55 | Build | Barracks |
| 15:17 | Build | Farm |
| 16:25 | Build | Farm |
| 16:36 | Create | Villager (Male) |
| 16:36 | Create | Villager (Male) |
| 16:36 | Create | Villager (Male) |
| 16:36 | Create | Villager (Male) |
| 16:48 | Create | Spearman |
| 16:48 | Create | Spearman |
| 16:48 | Create | Spearman |
| 17:14 | Build | Farm |
| 17:23 | Create | Spearman |
| 18:07 | Build | Palisade Wall |
| 18:16 | Build | Palisade Gate |
| 18:21 | Build | Palisade Wall |
| 18:23 | Build | Palisade Wall |
| 18:24 | Build | Palisade Wall |
| 18:34 | Create | Villager (Male) |
| 18:34 | Create | Villager (Male) |
| 18:45 | Create | Villager (Male) |
| 19:15 | Create | Villager (Male) |
| 19:15 | Create | Villager (Male) |
| 19:42 | Create | Spearman |
| 19:43 | Create | Spearman |
| 19:43 | Create | Spearman |
| 19:56 | Create | Villager (Male) |
| 19:56 | Create | Villager (Male) |
| 20:20 | Build | Blacksmith |
| 20:37 | Build | Stable |
| 20:43 | Create | Villager (Male) |
| 20:44 | Create | Villager (Male) |
| 21:38 | Build | Stable |
| 21:45 | Research | Double-Bit Axe |
| 22:10 | Create | Spearman |
| 22:11 | Create | Spearman |
| 22:11 | Create | Spearman |
| 22:49 | Research | Forging |
| 23:23 | Create | Spearman |
| 23:23 | Create | Spearman |
| 23:23 | Create | Spearman |
| 23:32 | Create | Villager (Male) |
| 23:32 | Create | Villager (Male) |
| 23:34 | Create | Villager (Male) |
| 23:45 | Create | Militia |
| 23:46 | Create | Militia |
| 23:48 | Create | Spearman |
| 25:48 | Create | Villager (Male) |
| 25:50 | Create | Villager (Male) |
| 25:52 | Build | Farm |
| 26:14 | Build | Stone Wall |
| 26:27 | Build | Stone Wall |
| 26:49 | Build | Stone Wall |
| 26:56 | Build | Stone Wall |
| 27:24 | Create | Villager (Male) |
| 27:24 | Create | Villager (Male) |
| 27:25 | Create | Villager (Male) |
| 27:35 | Build | Stone Wall |
| 27:40 | Build | Stable |
| 27:41 | Build | Stable |
| 27:47 | Build | Farm |
| 27:59 | Build | Farm |
| 28:05 | Build | Farm |
| 28:08 | Build | Farm |
| 28:32 | Build | Farm |
| 28:57 | Create | Villager (Male) |
| 28:57 | Create | Villager (Male) |
| 28:59 | Research | Castle Age |
| 29:01 | Create | Villager (Male) |
| 29:01 | Create | Villager (Male) |
| 29:01 | Create | Villager (Male) |
| 29:43 | Research | Bloodlines |
| 30:36 | Build | Watch Tower |
| 31:19 | Build | Watch Tower |
| 31:39 | Age | Castle Age |
| 32:05 | Create | Villager (Male) |
| 32:05 | Create | Villager (Male) |
| 32:05 | Create | Villager (Male) |
| 32:26 | Create | Knight |
| 32:26 | Create | Knight |
| 32:26 | Create | Knight |
| 32:26 | Create | Knight |
| 32:27 | Create | Knight |
| 32:58 | Create | Knight |
| 33:02 | Create | Scout Cavalry |
| 33:03 | Create | Scout Cavalry |
| 34:09 | Build | Archery Range |
| 34:15 | Build | Stone Wall |
| 34:37 | Build | Town Center |
| 35:08 | Build | Town Center |
Build order — leonie
First 150 of 217 actions detected
| 0:01 | Create | Villager (Male) |
| 0:01 | Create | Villager (Male) |
| 0:01 | Create | Villager (Male) |
| 0:03 | Build | House |
| 0:06 | Build | House |
| 0:16 | Create | Villager (Male) |
| 1:37 | Create | Villager (Male) |
| 1:47 | Build | Lumber Camp |
| 1:57 | Create | Villager (Male) |
| 2:21 | Create | Villager (Male) |
| 3:00 | Create | Villager (Male) |
| 3:31 | Create | Villager (Male) |
| 3:34 | Build | Mill |
| 3:47 | Create | Villager (Male) |
| 4:15 | Create | Villager (Male) |
| 4:15 | Create | Villager (Male) |
| 4:18 | Build | House |
| 5:10 | Create | Villager (Male) |
| 5:10 | Create | Villager (Male) |
| 5:10 | Create | Villager (Male) |
| 5:28 | Create | Villager (Male) |
| 6:02 | Create | Villager (Male) |
| 6:20 | Build | House |
| 6:33 | Create | Villager (Male) |
| 7:11 | Research | Loom |
| 8:07 | Research | Feudal Age |
| 9:04 | Create | Villager (Male) |
| 9:04 | Create | Villager (Male) |
| 10:05 | Build | Mining Camp |
| 10:10 | Build | House |
| 10:12 | Build | House |
| 10:17 | Age | Feudal Age |
| 10:21 | Build | Lumber Camp |
| 10:25 | Create | Villager (Male) |
| 10:29 | Research | Double-Bit Axe |
| 11:09 | Create | Villager (Male) |
| 12:12 | Create | Villager (Male) |
| 12:15 | Research | Castle Age |
| 12:38 | Build | Market |
| 12:43 | Build | Stable |
| 12:49 | Build | House |
| 12:56 | Build | Palisade Wall |
| 13:00 | Build | Palisade Gate |
| 13:08 | Build | House |
| 13:16 | Build | Palisade Wall |
| 13:25 | Build | House |
| 13:32 | Build | Palisade Wall |
| 13:40 | Build | House |
| 13:44 | Build | House |
| 13:51 | Build | Palisade Wall |
| 14:03 | Research | Horse Collar |
| 14:09 | Build | Farm |
| 14:11 | Build | Farm |
| 14:18 | Build | Farm |
| 14:20 | Build | Farm |
| 15:14 | Research | Bloodlines |
| 15:17 | Age | Castle Age |
| 15:28 | Build | Stable |
| 15:36 | Create | Villager (Male) |
| 15:41 | Build | Farm |
| 15:57 | Build | Farm |
| 16:00 | Create | Villager (Male) |
| 16:07 | Build | Farm |
| 16:10 | Build | Farm |
| 16:17 | Create | Villager (Male) |
| 16:19 | Create | Knight |
| 16:19 | Create | Knight |
| 16:26 | Build | Farm |
| 16:36 | Create | Villager (Male) |
| 16:42 | Build | Farm |
| 17:00 | Build | Farm |
| 17:05 | Create | Villager (Male) |
| 17:15 | Create | Knight |
| 17:34 | Create | Villager (Male) |
| 17:43 | Create | Knight |
| 17:44 | Create | Knight |
| 17:50 | Build | Farm |
| 17:56 | Build | Farm |
| 17:57 | Create | Villager (Male) |
| 18:12 | Build | Farm |
| 18:12 | Build | Farm |
| 18:13 | Build | Farm |
| 18:18 | Build | Farm |
| 18:20 | Build | Farm |
| 18:39 | Build | Farm |
| 18:40 | Create | Villager (Male) |
| 18:41 | Create | Villager (Male) |
| 18:42 | Create | Knight |
| 18:58 | Create | Villager (Male) |
| 19:00 | Create | Knight |
| 19:23 | Create | Knight |
| 19:23 | Create | Knight |
| 19:25 | Create | Villager (Male) |
| 19:39 | Build | Blacksmith |
| 19:54 | Create | Villager (Male) |
| 19:57 | Create | Knight |
| 20:09 | Research | Gold Mining |
| 20:44 | Create | Villager (Male) |
| 20:46 | Create | Knight |
| 20:46 | Create | Knight |
| 20:58 | Research | Scale Barding Armor |
| 21:33 | Create | Villager (Male) |
| 21:33 | Create | Villager (Male) |
| 22:43 | Research | Husbandry |
| 22:49 | Research | Forging |
| 22:50 | Research | Chain Barding Armor |
| 23:00 | Create | Villager (Male) |
| 23:16 | Create | Villager (Male) |
| 23:17 | Create | Villager (Male) |
| 24:09 | Create | Villager (Male) |
| 24:09 | Create | Villager (Male) |
| 24:09 | Create | Villager (Male) |
| 24:34 | Create | Villager (Male) |
| 24:35 | Create | Knight |
| 24:36 | Create | Knight |
| 24:36 | Create | Knight |
| 24:36 | Create | Knight |
| 24:46 | Build | Farm |
| 24:47 | Build | Farm |
| 24:48 | Build | Farm |
| 24:49 | Build | Farm |
| 24:51 | Research | Heavy Plow |
| 25:39 | Build | House |
| 25:40 | Build | House |
| 25:41 | Build | House |
| 25:42 | Build | House |
| 26:14 | Create | Villager (Male) |
| 26:15 | Create | Villager (Male) |
| 26:17 | Create | Knight |
| 26:17 | Create | Knight |
| 26:17 | Create | Knight |
| 26:18 | Create | Knight |
| 26:18 | Create | Knight |
| 26:18 | Create | Knight |
| 26:19 | Create | Knight |
| 26:45 | Create | Knight ×3 |
| 27:17 | Create | Villager (Male) |
| 27:17 | Create | Villager (Male) |
| 27:18 | Create | Villager (Male) |
| 27:18 | Create | Villager (Male) |
| 27:59 | Create | Villager (Male) |
| 28:04 | Build | Farm |
| 28:05 | Build | Farm |
| 28:05 | Build | Farm |
| 28:31 | Create | Knight |
| 28:32 | Create | Knight |
| 28:32 | Create | Knight |
| 28:32 | Create | Knight |
| 28:32 | Create | Knight |
| 28:50 | Build | Castle |
Build order — Rainbow Pirate
First 150 of 221 actions detected
| 0:01 | Create | Villager (Male) |
| 0:01 | Create | Villager (Male) |
| 0:11 | Create | Villager (Male) |
| 0:12 | Create | Villager (Male) |
| 1:22 | Create | Villager (Male) |
| 2:18 | Build | Lumber Camp |
| 2:20 | Create | Villager (Male) |
| 2:20 | Create | Villager (Male) |
| 2:24 | Research | Loom |
| 3:34 | Create | Villager (Male) |
| 3:54 | Create | Villager (Male) |
| 3:55 | Create | Villager (Male) |
| 3:55 | Create | Villager (Male) |
| 4:09 | Create | Villager (Male) |
| 4:32 | Create | Villager (Male) |
| 5:07 | Create | Villager (Male) |
| 5:25 | Build | Mill |
| 5:45 | Create | Villager (Male) |
| 6:16 | Create | Villager (Male) |
| 6:19 | Create | Villager (Male) |
| 6:47 | Create | Villager (Male) |
| 6:47 | Create | Villager (Male) |
| 6:59 | Create | Villager (Male) |
| 7:00 | Create | Villager (Male) |
| 7:13 | Create | Villager (Male) |
| 8:08 | Create | Villager (Male) |
| 8:34 | Research | Feudal Age |
| 8:41 | Build | Barracks |
| 9:26 | Create | Villager (Male) |
| 9:27 | Create | Villager (Male) |
| 9:27 | Create | Villager (Male) |
| 9:39 | Create | Villager (Male) |
| 9:57 | Build | Lumber Camp |
| 10:45 | Age | Feudal Age |
| 10:47 | Build | Stable |
| 10:49 | Research | Double-Bit Axe |
| 10:50 | Research | Horse Collar |
| 10:54 | Create | Villager (Male) |
| 11:11 | Build | Farm |
| 11:14 | Build | Farm |
| 11:16 | Build | Farm |
| 11:20 | Build | Farm |
| 11:26 | Create | Villager (Male) |
| 11:26 | Create | Villager (Male) |
| 11:59 | Create | Villager (Male) |
| 12:07 | Build | Stable |
| 12:23 | Build | Farm |
| 12:42 | Create | Scout Cavalry |
| 12:42 | Create | Scout Cavalry |
| 12:47 | Create | Villager (Male) |
| 13:04 | Create | Villager (Male) |
| 13:13 | Build | Farm |
| 13:13 | Build | Farm |
| 13:13 | Build | Farm |
| 13:17 | Build | Farm |
| 13:17 | Build | Farm |
| 13:23 | Create | Villager (Male) |
| 13:24 | Create | Villager (Male) |
| 13:29 | Create | Scout Cavalry |
| 13:44 | Create | Villager (Male) |
| 13:44 | Create | Villager (Male) |
| 13:53 | Build | Farm |
| 14:13 | Create | Scout Cavalry |
| 14:19 | Build | Farm |
| 14:20 | Build | Farm |
| 14:20 | Build | Farm |
| 14:20 | Build | Farm |
| 14:24 | Create | Villager (Male) |
| 14:41 | Build | Palisade Wall |
| 14:45 | Create | Scout Cavalry |
| 15:16 | Create | Villager (Male) |
| 15:16 | Create | Villager (Male) |
| 15:24 | Build | Farm |
| 15:32 | Create | Villager (Male) |
| 15:57 | Create | Scout Cavalry |
| 15:58 | Create | Villager (Male) |
| 15:59 | Create | Villager (Male) |
| 16:04 | Build | Mill |
| 16:04 | Build | Farm |
| 16:05 | Build | Farm |
| 16:05 | Build | Farm |
| 16:05 | Build | Farm |
| 16:05 | Build | Farm |
| 16:06 | Build | Farm |
| 16:06 | Build | Farm |
| 16:10 | Create | Scout Cavalry |
| 16:10 | Create | Scout Cavalry |
| 16:32 | Create | Villager (Male) |
| 16:32 | Create | Villager (Male) |
| 16:40 | Build | Blacksmith |
| 16:44 | Build | Palisade Wall |
| 16:46 | Build | Palisade Wall |
| 16:58 | Build | Mining Camp |
| 17:00 | Create | Villager (Male) |
| 17:00 | Create | Villager (Male) |
| 18:13 | Create | Scout Cavalry |
| 18:13 | Create | Scout Cavalry |
| 18:13 | Create | Scout Cavalry |
| 18:14 | Create | Villager (Male) |
| 18:15 | Create | Villager (Male) |
| 18:15 | Create | Villager (Male) |
| 18:15 | Create | Villager (Male) |
| 18:15 | Create | Villager (Male) |
| 19:42 | Create | Villager (Male) |
| 19:43 | Create | Villager (Male) |
| 19:43 | Research | Wheelbarrow |
| 19:45 | Create | Villager (Male) |
| 19:54 | Create | Villager (Male) |
| 19:55 | Create | Villager (Male) |
| 20:04 | Build | Farm |
| 20:05 | Build | Farm |
| 20:13 | Build | Mining Camp |
| 20:23 | Build | Market |
| 20:33 | Research | Wheelbarrow |
| 20:57 | Build | Farm |
| 21:05 | Build | Watch Tower |
| 21:19 | Research | Castle Age |
| 21:39 | Build | Archery Range |
| 21:40 | Build | Archery Range |
| 22:21 | Build | Watch Tower |
| 22:47 | Research | Bloodlines |
| 23:04 | Research | Fletching |
| 23:32 | Build | Archery Range |
| 23:42 | Create | Villager (Male) |
| 23:42 | Create | Villager (Male) |
| 23:42 | Create | Villager (Male) |
| 24:15 | Create | Villager (Male) |
| 24:15 | Create | Villager (Male) |
| 24:41 | Age | Castle Age |
| 25:01 | Create | Cavalry Archer |
| 25:17 | Create | Villager (Male) |
| 25:17 | Create | Villager (Male) |
| 25:18 | Create | Villager (Male) |
| 25:36 | Build | Monastery |
| 25:40 | Create | Villager (Male) |
| 25:40 | Create | Villager (Male) |
| 25:49 | Create | Villager (Male) |
| 25:49 | Create | Villager (Male) |
| 26:03 | Build | Mining Camp |
| 26:21 | Build | Stone Wall |
| 26:23 | Build | Stone Wall |
| 27:04 | Build | Farm |
| 27:11 | Create | Villager (Male) |
| 27:18 | Create | Villager (Male) |
| 27:18 | Create | Villager (Male) |
| 28:33 | Create | Villager (Male) |
| 28:33 | Create | Villager (Male) |
| 28:55 | Build | Town Center |
| 29:03 | Research | Gold Mining |
| 29:05 | Create | Villager (Male) |
Match timeline
| 6:02 | taxy10 · wall_segment Palisade Wall x6 |
| 6:55 | taxy10 · wall_segment Palisade Wall x13 |
| 8:11 | patythegod · first_building Barracks |
| 8:13 | taxy10 · wall_segment Palisade Wall x4 |
| 8:20 | taxy10 · wall_segment Palisade Wall x9 |
| 8:40 | taxy10 · wall_segment Palisade Wall x14 |
| 8:41 | Rainbow Pirate · first_building Barracks |
| 9:04 | patythegod · wall_segment Palisade Wall x6 |
| 9:06 | taxy10 · wall_segment Palisade Wall x13 |
| 9:09 | patythegod · age_up feudal |
| 9:09 | taxy10 · wall_segment Palisade Wall x2 |
| 9:31 | patythegod · first_building Stable |
| 10:17 | leonie · age_up feudal |
| 10:45 | Rainbow Pirate · age_up feudal |
| 10:47 | Rainbow Pirate · first_building Stable |
| 11:00 | Leasdon · age_up feudal |
| 11:10 | patythegod · wall_segment Palisade Wall x6 |
| 11:43 | Leasdon · wall_segment Palisade Wall x9 |
| 11:47 | Leasdon · wall_segment Palisade Wall x13 |
| 11:50 | Leasdon · wall_segment Palisade Wall x2 |
| 11:51 | Sinky · age_up feudal |
| 11:52 | patythegod · wall_segment Palisade Wall x13 |
| 11:55 | Leasdon · wall_segment Palisade Wall x9 |
| 12:02 | taxy10 · age_up feudal |
| 12:04 | Leasdon · wall_segment Palisade Wall x8 |
| 12:09 | Leasdon · wall_segment Palisade Wall x19 |
| 12:43 | leonie · first_building Stable |
| 12:56 | leonie · wall_segment Palisade Wall x8 |
| 12:58 | patythegod · wall_segment Palisade Wall x9 |
| 13:16 | leonie · wall_segment Palisade Wall x11 |
| 13:32 | leonie · wall_segment Palisade Wall x30 |
| 13:51 | leonie · wall_segment Palisade Wall x7 |
| 14:00 | leonie · first_market_buy 100 food |
| 14:28 | Leasdon · wall_segment Palisade Wall x1 |
| 14:30 | Leasdon · wall_segment Palisade Wall x1 |
| 14:41 | Rainbow Pirate · wall_segment Palisade Wall x4 |
| 14:55 | Leasdon · first_building Barracks |
| 15:11 | leonie · first_market_sell 100 wood |
| 15:12 | taxy10 · first_building Barracks |
| 15:17 | leonie · age_up castle |
| 16:44 | Rainbow Pirate · wall_segment Palisade Wall x2 |
| 16:46 | Rainbow Pirate · wall_segment Palisade Wall x18 |
| 16:54 | taxy10 · first_building Stable |
| 17:00 | taxy10 · age_up castle |
| 17:41 | Sinky · first_building Barracks |
| 18:07 | Leasdon · wall_segment Palisade Wall x1 |
| 18:21 | Leasdon · wall_segment Palisade Wall x1 |
| 18:23 | Leasdon · wall_segment Palisade Wall x1 |
| 18:24 | Leasdon · wall_segment Palisade Wall x1 |
| 20:19 | patythegod · wall_segment Palisade Wall x1 |
| 20:37 | Leasdon · first_building Stable |
| 21:11 | Sinky · first_building Stable |
| 21:13 | Rainbow Pirate · first_market_sell 100 stone |
| 21:15 | patythegod · first_building Archery Range |
| 21:39 | Rainbow Pirate · first_building Archery Range |
| 21:56 | taxy10 · first_market_buy 100 food |
| 24:41 | Rainbow Pirate · age_up castle |
| 25:08 | Rainbow Pirate · first_market_buy 100 wood |
| 25:36 | Rainbow Pirate · first_building Monastery |
| 25:37 | patythegod · age_up castle |
| 26:14 | Leasdon · wall_segment Stone Wall x4 |
| 26:21 | Rainbow Pirate · wall_segment Stone Wall x3 |
| 26:23 | Rainbow Pirate · wall_segment Stone Wall x4 |
| 26:27 | Leasdon · wall_segment Stone Wall x5 |
| 26:49 | Leasdon · wall_segment Stone Wall x5 |
| 26:56 | Leasdon · wall_segment Stone Wall x13 |
| 27:13 | Sinky · age_up castle |
| 27:35 | Leasdon · wall_segment Stone Wall x1 |
| 28:04 | taxy10 · first_market_sell 100 wood |
| 28:50 | leonie · first_building Castle |
| 28:54 | taxy10 · first_building Monastery |
| 29:40 | patythegod · first_building Siege Workshop |
| 30:28 | Leasdon · first_market_buy 100 stone |
| 31:05 | Leasdon · first_market_sell 100 wood |
| 31:28 | Rainbow Pirate · wall_segment Palisade Wall x6 |
| 31:39 | Leasdon · age_up castle |
| 34:09 | Leasdon · first_building Archery Range |
| 34:15 | Leasdon · wall_segment Stone Wall x1 |
| 34:27 | patythegod · first_building Castle |
| 34:31 | taxy10 · age_up imperial |
| 36:36 | Leasdon · first_building Dock |
| 36:48 | Rainbow Pirate · first_building Castle |
| 37:45 | leonie · age_up imperial |
| 39:38 | Rainbow Pirate · resign |
[ AI ANALYSIS · 1 CREDIT ]
What really happened in this match?
Wolo.gg analyzes every decision: build order, eco, micro, common mistakes by bracket. Personalized analysis on WhatsApp or Discord in 30 seconds.
Civ guide
Slavs
Perfil
Jugador #4257624